 Dungeon Crawl Stone Soup version 0.17.1-3-g152610e (webtiles) character file.

13 jacquesderrida the Caller (level 2, 0/19 HPs)
             Began as a Demonspawn Summoner on Apr 26, 2016.
             Slain by a gnoll (7 damage)
             ... on level 2 of the Dungeon.
             The game lasted 00:01:51 (428 turns).

jacquesderrida the Caller (Demonspawn Summoner)      Turns: 428, Time: 00:01:51

Health: 0/19       AC:  4    Str:  8    XL:     2   Next: 24%
Magic:  5/5        EV:  6    Int: 16    God:
Gold:   38         SH:  0    Dex: 13    Spells: 2 memorised, 2 levels left

rFire  . . .     SeeInvis .     f - -2 dagger (curse)
rCold  . . .     Clarity  .     a - +0 robe
rNeg   . . .     SustAt   .     (no shield)
rPois  .         Gourm    .     (no helmet)
rElec  .         Spirit   .     (no cloak)
rCorr  .         Warding  .     (no gloves)
rMut   .         Stasis   .     (no boots)
MR     .....                    (no amulet)
Stlth  ++........               (no ring)
                                (no ring)

@: held, not resistant to hostile enchantments, unstealthy
A: slimy green scales 1
a: no special abilities


You were on level 2 of the Dungeon.
You were not hungry.

You visited 1 branch of the dungeon, and saw 2 of its levels.

You collected 38 gold pieces.

Inventory:

Hand Weapons
 f - a cursed -2 dagger (weapon)
 h - a +0 whip
Missiles
 d - 20 poisoned needles
Armour
 a - a +0 robe (worn)
Scrolls
 g - a scroll of remove curse {unknown}
 k - a scroll of recharging {unknown}
 l - 2 scrolls of identify {unknown}
 m - a scroll of enchant weapon {unknown}
Potions
 e - a potion of might {unknown}
 i - a potion of heal wounds {unknown}
Books
 b - a book of Callings

   Spells                             Type                      Level
   a - Summon Small Mammal            Summoning                    1
   b - Call Imp                       Summoning                    2
   c - Call Canine Familiar           Summoning                    3
   d - Summon Guardian Golem          Hexes/Summoning              3
   e - Summon Lightning Spire         Summoning/Air                4
   f - Summon Ice Beast               Ice/Summoning                4
Comestibles
 c - a bread ration
 j - a meat ration


   Skills:
 - Level 1.7 Dodging
 - Level 1.7 Stealth
 - Level 2.0 Spellcasting
 + Level 4.6 Summonings


You had 2 spell levels left.
You knew the following spells:

 Your Spells              Type           Power        Failure   Level  Hunger
a - Summon Small Mammal   Summ           ###.         3%          1    #......
b - Call Imp              Summ           ###.....     6%          2    ###....


Dungeon Overview and Level Annotations

Branches:
Dungeon (2/15)

Altars:
Nemelex Xobeh
Zin


Innate Abilities, Weirdness & Mutations

You are partially covered in slimy green scales (AC +2).


Message History

The gnoll throws a throwing net.
The throwing net hits you.
You become entangled in the net!
You try to slip out of the net.
Unknown command.
You try to slip out of the net.
You struggle against the net.
You slip out of the net!
The gnoll barely misses you.
A gnoll comes into view. It is wielding a club.
The gnoll throws a throwing net.
The throwing net hits you.
You become entangled in the net!
You see here a throwing net.
You struggle to escape the net.
The gnoll shouts!
The gnoll barely misses you.
You try to slip out of the net.
The gnoll hits you!
You try to slip out of the net.
The gnoll closely misses you. The gnoll hits you.
A gnoll comes into view. It is wielding a club.
You struggle against the net.
The gnoll hits you!
You die...

#..#_#..##'##+#
# #..#>#..##.# #
#..#.#..#..# .
##.#.#..#..#....
#.#.#..........#
#.#8#..#####+###
#............#
##.'###########
#..@gg# ..
#...g.##### ...
#....('...# ...
#.....###g# . .
#######


You could see 4 gnolls.

Vanquished Creatures
  A hobgoblin (D:1)
  2 rats
3 creatures vanquished.

Vanquished Creatures (collateral kills)
  An adder (D:2)
  2 giant cockroaches (D:2)
  2 hobgoblins (D:2)
  A giant newt (D:2)
  2 goblins
  A rat (D:1)
9 creatures vanquished.

Grand Total: 12 creatures vanquished

Notes
Turn   | Place    | Note
--------------------------------------------------------------
     0 | D:1      | jacquesderrida the Demonspawn Summoner began the quest for the Orb.
     0 | D:1      | Reached XP level 1. HP: 13/13 MP: 3/3
   230 | D:2      | Gained mutation: You are partially covered in slimy green scales (AC +2). [demonic ancestry]
   230 | D:2      | Reached XP level 2. HP: 13/19 MP: 0/5
   259 | D:2      | Learned a level 2 spell: Call Imp
   281 | D:2      | Found a sparkling altar of Nemelex Xobeh.
   410 | D:2      | Found a glowing silver altar of Zin.
   428 | D:2      | Slain by a gnoll

Action                   || total
-------------------------++-------
Melee: Dagger            ||     9
       Unarmed           ||     1
 Cast: Summon Small Mamm ||    15
       Call Imp          ||     4
